 Dungeon Crawl Stone Soup version 0.21.1-1-g345015f (webtiles) character file.

387 RudyRod the Shield-Bearer (level 7, -6/56 HPs)
             Began as a Formicid Fighter on May 16, 2018.
             Mangled by Pikel
             ... wielding a +0 whip of electrocution
              (18 damage)
             ... on level 4 of the Dungeon.
             The game lasted 00:12:48 (3095 turns).

RudyRod the Shield-Bearer (Formicid Fighter)        Turns: 3095, Time: 00:12:48

Health: -6/56      AC: 11    Str: 27    XL:     7   Next: 7%
Magic:  16/16      EV:  8    Int:  8    God:
Gold:   164        SH: 10    Dex: 10    Spells: 6/6 levels left

rFire    . . .     SeeInvis +   a - +0 long sword
rCold    . . .     Gourm    .   c - +0 shield
rNeg     . . .     Faith    .   b - +0 scale mail
rPois    .         Spirit   .   (helmet unavailable)
rElec    .         Reflect  .   i - +0 cloak
rCorr    .         Harm     .   (no gloves)
MR       .....                  (no boots)
Stlth    ..........             (no amulet)
HPRegen  0.18/turn              o - +3 ring of protection
MPRegen  0.15/turn              p - ring of magical power

@: mighty
A: permanent stasis, dig shafts and tunnels, four strong arms, antennae 3
a: Dig, Shaft Self


You were on level 4 of the Dungeon.
You were not hungry.

You visited 1 branch of the dungeon, and saw 4 of its levels.

You collected 164 gold pieces.

Inventory:

Hand Weapons
 a - a +0 long sword (weapon)
Armour
 b - a +0 scale mail (worn)
 c - a +0 shield (worn)
 i - a +0 cloak (worn)
Jewellery
 o - a +3 ring of protection (left hand)
 p - a ring of magical power (right hand)
Scrolls
 e - 4 scrolls of identify {unknown}
 j - 2 scrolls of teleportation {unknown}
 l - a scroll of blinking {unknown}
 t - a scroll of enchant armour {unknown}
 v - 2 scrolls of remove curse {unknown}
Potions
 h - 2 potions of flight
 k - 3 potions of curing
 m - 3 potions of heal wounds {unknown}
 n - 2 potions of brilliance {unknown}
 q - a potion of lignification {unknown}
 r - 2 potions of resistance {unknown}
 s - a potion of magic {unknown}
 u - a potion of mutation {unknown}
 w - a potion of agility {unknown}
Comestibles
 f - 5 rations


   Skills:
 + Level 5.0 Fighting
 + Level 3.8 Long Blades
 + Level 4.8 Armour
 + Level 5.4 Shields


You had 6 spell levels left.
You didn't know any spells.

Dungeon Overview and Level Annotations

Branches:
Dungeon (4/15)
 Temple: D:4-7

Altars:
Hepliaklqana
Nemelex Xobeh

Annotations:
D:4 Pikel


Innate Abilities, Weirdness & Mutations

You cannot be hasted, slowed, berserked, paralysed or teleported.
You can dig through walls and to a lower floor.
Your four strong arms can wield two-handed weapons with a shield.
You have a pair of large antennae on your head. (SInv)


Message History

Pikel says, "You'll fetch a fair price!"
Pikel closely misses you.
It was a potion of curing.
You feel better. The slave barely misses you.
The slave hits you but does no damage. You block the slave's attack.
Pikel completely misses you.
You completely miss Pikel.
Pikel is moderately wounded.
The slave closely misses you.
You riposte.
You slash the slave!
The slave is heavily wounded.
The slave closely misses you. The slave hits you but does no damage.
You block Pikel's attack. The slave barely misses you.
You slash Pikel!
Pikel is severely wounded.
The slave closely misses you.
You riposte.
You slash the slave!
The slave is moderately wounded.
The slave hits you but does no damage.
Pikel hits you with a whip of electrocution.
* * * LOW HITPOINT WARNING * * *
You are electrocuted!
You die...

##.....# ##.....#{
#......# #......#
#......# ##.....#
#.######
######......########
#.....#.....##@p...#
#.....#......ppK...#
#.....+.......p....#
#.....##############
#######


You could see Pikel and 4 slaves.

Vanquished Creatures
  A scorpion (D:4)
  Jessica (D:2)
  An orc wizard (D:3)
  An iguana (D:4)
  2 worker ants (D:4)
  Robin (D:3)
  4 adders
  4 gnolls
  4 oozes
  An adder skeleton (D:4)
  A dart slug (D:1)
  A leopard gecko (D:2)
  6 orcs (D:3)
  10 bats
  3 giant cockroaches
  13 goblins
  15 hobgoblins
  12 jackals
  5 kobolds
  2 quokkas
  A ball python (D:3)
  5 frilled lizards
  A leopard gecko skeleton (D:4)
  A quokka skeleton (D:4)
  5 rats
101 creatures vanquished.

Notes
Turn   | Place    | Note
-------+----------+-------------------------------------------
     0 | D:1      | RudyRod the Formicid Fighter began the quest for the Orb.
     0 | D:1      | Reached XP level 1. HP: 18/18 MP: 1/1
    75 | D:1      | Reached XP level 2. HP: 22/24 MP: 2/2
   240 | D:1      | Reached XP level 3. HP: 30/30 MP: 3/3
   968 | D:2      | Noticed Jessica
   979 | D:2      | Killed Jessica
   979 | D:2      | Reached XP level 4. HP: 37/37 MP: 4/4
  1055 | D:2      | Reached XP level 5. HP: 12/42 MP: 5/5
  1334 | D:2      | Found a hazy altar of Hepliaklqana.
  1335 | D:2      | Found a sparkling altar of Nemelex Xobeh.
  1882 | D:3      | Noticed Robin
  1955 | D:3      | Killed Robin
  1955 | D:3      | Reached XP level 6. HP: 46/49 MP: 6/6
  2272 | D:3      | Reached skill level 5 in Shields
  2977 | D:4      | Reached XP level 7. HP: 52/55 MP: 7/7
  3044 | D:4      | Reached skill level 5 in Fighting
  3080 | D:4      | Noticed Pikel
  3095 | D:4      | Mangled by Pikel

Skill      XL: |  1  2  3  4  5  6  7 |
---------------+----------------------+-----
Shields        | 4 5 |  5.4
Fighting       | 4 5 |  5.0
Armour         | 4 |  4.8
Long Blades    | 3 |  3.8

Action                   |  1- 3 |  4- 6 |  7- 9 || total
-------------------------+-------+-------+-------++-------
Melee: Long sword        |   104 |   261 |    15 ||   380
  Use: Potion            |       |     2 |     2 ||     4
 Stab: Invisible         |       |     5 |       ||     5
  Eat: Chunk             |       |     7 |     1 ||     8
Armor: Scale mail        |    40 |   144 |    20 ||   204
Dodge: Dodged            |    34 |   114 |    19 ||   167
Block: Shield            |    53 |   141 |    18 ||   212
       Rpst.: Long sword |     9 |    37 |     4 ||    50
